EL
COLORADO (EL) ROCKIES @ MOBILE BAYBEARS
09/24/2046
 
TOP OF THE 1ST
Colorado (EL) Rockies batting - Pitching for Mobile BayBears : RHP Eric Richards
Pitching: RHP Eric Richards
Batting: LHB Freddy Troncoso 0-0: Ball
1-0: Swinging Strike
1-1: Foul Ball, location: 2F
1-2: DOUBLE (Line Drive, 7LM, EV 93.1 MPH)
Batting: RHB Bodil Hardenberg 0-0: Foul Ball, location: 2F
0-1: Ball
1-1: Ground out 6-3 (Groundball, 56, EV 86.2 MPH)
Batting: RHB Henry Alvizo 0-0: Ball
1-0: Ball
2-0: SINGLE (Groundball, 56D, EV 96.2 MPH)
Freddy Troncoso to third
Runner from 3rd tries for Home, SAFE, throw by LF to home
Henry Alvizo to second
Batting: LHB Zack Guillen 0-0: Foul Ball, location: 2F
0-1: Ball
1-1: Ball
2-1: Foul Ball, location: 2F
2-2: Strikes out swinging
Batting: RHB Ernest Olkowicz 0-0: Foul Ball, location: 2F
0-1: Ball
1-1: Ball
2-1: Swinging Strike
2-2: Strikes out swinging
Top of the 1st over - 1 run, 2 hits, 0 errors, 1 left on base; Colorado (EL) 1 - Mobile 0
BOTTOM OF THE 1ST
Mobile BayBears batting - Pitching for Colorado (EL) Rockies : RHP Edward Cadenhead
Pitching: RHP Edward Cadenhead
Batting: RHB Edgar Garcia 0-0: Ground out 6-3 (Groundball, 6, EV 108.1 MPH)
Batting: LHB Willie Gutierrez 0-0: Swinging Strike
0-1: Ball
1-1: Foul Ball, location: 2F
1-2: SINGLE (Line Drive, 8LS, EV 101.9 MPH)
Batting: RHB Chris Bittner 0-0: Foul Ball, location: 2F
0-1: Ball
1-1: Ball
Willie Gutierrez is caught stealing 2nd base 2-4
2-1: Fly out, F8 (Flyball, 8LXD, EV 110.0 MPH)
Bottom of the 1st over - 0 runs, 1 hit, 0 errors, 0 left on base; Colorado (EL) 1 - Mobile 0
TOP OF THE 2ND
Colorado (EL) Rockies batting - Pitching for Mobile BayBears : RHP Eric Richards
Batting: SHB Andy Vivas 0-0: Ball
1-0: Foul Ball, location: 2F
1-1: Ball
2-1: Foul Ball, location: 2F
2-2: Strikes out swinging
Batting: RHB Andy Solorzano 0-0: Called Strike
0-1: Foul Ball, location: 2F
0-2: Ball
1-2: Strikes out swinging
Batting: SHB Malik Whitted 0-0: Foul Ball, location: 2F
0-1: Foul Ball, location: 2F
0-2: Ball
1-2: Strikes out swinging
Top of the 2nd over - 0 runs, 0 hits, 0 errors, 0 left on base; Colorado (EL) 1 - Mobile 0
BOTTOM OF THE 2ND
Mobile BayBears batting - Pitching for Colorado (EL) Rockies : RHP Edward Cadenhead
Batting: RHB Marlon Reda 0-0: Ball
1-0: SINGLE (Groundball, 6MD, EV 98.8 MPH)
Batting: RHB Andy Schuett 0-0: Called Strike
0-1: SINGLE (Groundball, 34D, EV 95.0 MPH)
Marlon Reda to second
Runner from 2nd tries for 3rd, SAFE, throw by RF made to third
Batting: RHB Franklin Villanueva 0-0: Swinging Strike
0-1: Foul Ball, location: 2F
0-2: Ball
1-2: Foul Ball, location: 2F
1-2: Foul Ball, location: 2F
1-2: SINGLE (Groundball, 34S, EV 82.5 MPH) (infield hit)
Marlon Reda scores
Andy Schuett to second
Batting: RHB Scott Carr 0-0: Foul Ball, location: 2F
0-1: Called Strike
0-2: Ball
1-2: SINGLE (Groundball, 6MD, EV 106.9 MPH)
Andy Schuett to third
Franklin Villanueva to second
Runner from 3rd tries for Home, SAFE, throw by CF to home
Batting: RHB Yasuo Nakata 0-0: Called Strike
0-1: Ball
1-1: Ball
2-1: Called Strike
2-2: Strikes out swinging
Batting: RHB Curt Barrett 0-0: Called Strike
0-1: Swinging Strike
0-2: Ball
1-2: Ball
2-2: Strikes out swinging
Batting: RHB Edgar Garcia 0-0: Called Strike
0-1: SINGLE (Groundball, 5S, EV 68.1 MPH) (infield hit)
Franklin Villanueva to third
Scott Carr to second
Batting: LHB Willie Gutierrez 0-0: SINGLE (Groundball, 25, EV 68.1 MPH) (infield hit)
Franklin Villanueva scores
Scott Carr to third
Edgar Garcia to second
Batting: RHB Chris Bittner 0-0: Fly out, F8 (Flyball, 8LD, EV 93.8 MPH)
Bottom of the 2nd over - 3 runs, 6 hits, 0 errors, 3 left on base; Colorado (EL) 1 - Mobile 3
TOP OF THE 3RD
Colorado (EL) Rockies batting - Pitching for Mobile BayBears : RHP Eric Richards
Batting: RHB Steve Waltenbery 0-0: Fly out, F7 (Line Drive, 7, EV 93.1 MPH)
Batting: LHB Freddy Troncoso 0-0: Called Strike
0-1: Ball
1-1: Fly out, F9 (Flyball, 9D, EV 98.8 MPH)
Batting: RHB Bodil Hardenberg 0-0: Ball
1-0: Foul Ball, location: 2F
1-1: Foul Ball, location: 2F
1-2: Ball
2-2: Ball
3-2: Strikes out swinging
Top of the 3rd over - 0 runs, 0 hits, 0 errors, 0 left on base; Colorado (EL) 1 - Mobile 3
BOTTOM OF THE 3RD
Mobile BayBears batting - Pitching for Colorado (EL) Rockies : RHP Edward Cadenhead
Batting: RHB Marlon Reda 0-0: Ball
1-0: Fly out, F3 (Popup, 3S, EV 85.6 MPH)
Batting: RHB Andy Schuett 0-0: Ball
1-0: Called Strike
1-1: Foul Ball, location: 2F
1-2: Strikes out swinging
Batting: RHB Franklin Villanueva 0-0: Called Strike
0-1: Swinging Strike
0-2: Ball
1-2: Ball
2-2: Ball
3-2: Strikes out looking
Bottom of the 3rd over - 0 runs, 0 hits, 0 errors, 0 left on base; Colorado (EL) 1 - Mobile 3
TOP OF THE 4TH
Colorado (EL) Rockies batting - Pitching for Mobile BayBears : RHP Eric Richards
Batting: RHB Henry Alvizo 0-0: Ball
1-0: Ball
2-0: Ball
3-0: Called Strike
3-1: Foul Ball, location: 2F
3-2: Foul Ball, location: 2F
3-2: Base on Balls
Batting: LHB Zack Guillen Pickoff Play to 1st, Runner tries for 2nd, OUT after rundown.
0-0: Ball
1-0: Called Strike
1-1: Called Strike
1-2: Strikes out looking
Batting: RHB Ernest Olkowicz 0-0: Ground out U3 (Groundball, 3L, EV 83.8 MPH)
Top of the 4th over - 0 runs, 0 hits, 0 errors, 0 left on base; Colorado (EL) 1 - Mobile 3
BOTTOM OF THE 4TH
Mobile BayBears batting - Pitching for Colorado (EL) Rockies : RHP Edward Cadenhead
Batting: RHB Scott Carr 0-0: Ball
1-0: Fly out, F5 (Line Drive, 56, EV 78.8 MPH)
Batting: RHB Yasuo Nakata 0-0: Ground out 5-3 (Groundball, 56, EV 78.8 MPH)
Batting: RHB Curt Barrett 0-0: Ball
1-0: Called Strike
1-1: Called Strike
1-2: Strikes out swinging
Bottom of the 4th over - 0 runs, 0 hits, 0 errors, 0 left on base; Colorado (EL) 1 - Mobile 3
TOP OF THE 5TH
Colorado (EL) Rockies batting - Pitching for Mobile BayBears : RHP Eric Richards
Batting: SHB Andy Vivas 0-0: Foul Ball, location: 2F
0-1: Ball
1-1: Ball
2-1: Foul Ball, location: 2F
2-2: Ball
3-2: Foul Ball, location: 2F
3-2: DOUBLE (Flyball, 89D, EV 111.9 MPH)
Batting: RHB Andy Solorzano 0-0: Ball
1-0: 2-RUN HOME RUN (Flyball, 7LD, EV 93.8 MPH), Distance : 351 ft
Batting: SHB Malik Whitted 0-0: Called Strike
0-1: Ball
1-1: Ball
2-1: Ground out 4-3 (Groundball, 4, EV 103.8 MPH)
Batting: RHB Steve Waltenbery 0-0: Called Strike
0-1: Called Strike
0-2: Ball
1-2: Strikes out swinging
Batting: LHB Freddy Troncoso 0-0: Ball
1-0: Ball
2-0: Fly out, F7 (Flyball, 7S, EV 79.4 MPH)
Top of the 5th over - 2 runs, 2 hits, 0 errors, 0 left on base; Colorado (EL) 3 - Mobile 3
BOTTOM OF THE 5TH
Mobile BayBears batting - Pitching for Colorado (EL) Rockies : RHP Edward Cadenhead
Batting: RHB Edgar Garcia 0-0: Swinging Strike
0-1: Ball
1-1: Foul Ball, location: 2F
1-2: SINGLE (Line Drive, 7S, EV 108.1 MPH)
Batting: LHB Willie Gutierrez 0-0: Called Strike
0-1: Ball
1-1: Ball
2-1: Ball
3-1: Base on Balls
Edgar Garcia to second
Batting: RHB Chris Bittner 0-0: Called Strike
0-1: Foul Ball, location: 2F
0-2: Fly out, F9 (Flyball, 9, EV 91.2 MPH)
Batting: RHB Marlon Reda 0-0: Ball
Edgar Garcia steals 3rd base
Willie Gutierrez to second
1-0: Ball
2-0: Ball
3-0: Base on Balls
Batting: RHB Andy Schuett 0-0: Fielders Choice at 2nd, 5-4 (Groundball, 5, EV 105.6 MPH)
Edgar Garcia scores
Willie Gutierrez to third
Batting: RHB Franklin Villanueva 0-0: Ball
1-0: Called Strike
1-1: Ball
2-1: Ball
3-1: Base on Balls
Andy Schuett to second
Batting: RHB Scott Carr 0-0: Ball
1-0: Ball
2-0: Ball
3-0: Called Strike
3-1: Base on Balls
Willie Gutierrez scores
Andy Schuett to third
Franklin Villanueva to second
Pitching: LHP Jim McCutcheon
Batting: RHB Yasuo Nakata 0-0: Called Strike
0-1: Ball
1-1: Ground out 6-3 (Groundball, 6MS, EV 65.0 MPH)
Bottom of the 5th over - 2 runs, 1 hit, 0 errors, 3 left on base; Colorado (EL) 3 - Mobile 5
TOP OF THE 6TH
Colorado (EL) Rockies batting - Pitching for Mobile BayBears : RHP Eric Richards
Batting: RHB Bodil Hardenberg 0-0: Swinging Strike
0-1: Ball
1-1: Swinging Strike
1-2: SINGLE (Groundball, 56D, EV 96.9 MPH)
Batting: RHB Henry Alvizo 0-0: Ball
1-0: Grounds into double play, 5-4-3 (Groundball, 5, EV 83.8 MPH)
Batting: LHB Zack Guillen 0-0: Called Strike
0-1: Foul Ball, location: 2F
0-2: Ball
1-2: Strikes out looking
Top of the 6th over - 0 runs, 1 hit, 0 errors, 0 left on base; Colorado (EL) 3 - Mobile 5
BOTTOM OF THE 6TH
Mobile BayBears batting - Pitching for Colorado (EL) Rockies : LHP Jim McCutcheon
Batting: RHB Curt Barrett 0-0: Ball
1-0: Ball
2-0: Called Strike
2-1: Swinging Strike
2-2: Ball
3-2: Base on Balls
Batting: RHB Edgar Garcia 0-0: Fly out, F8 (Flyball, 8RD, EV 96.2 MPH)
Batting: LHB Willie Gutierrez 0-0: Called Strike
0-1: Ball
1-1: Fielders Choice at 2nd, 3-6 (Groundball, 34, EV 100.6 MPH)
Batting: RHB Chris Bittner 0-0: Ball
1-0: Ball
2-0: Ball
3-0: Base on Balls
Willie Gutierrez to second
Batting: RHB Marlon Reda 0-0: Ball
1-0: Ball
2-0: Called Strike
2-1: Fly out, F8 (Flyball, 8RD, EV 103.8 MPH)
Bottom of the 6th over - 0 runs, 0 hits, 0 errors, 2 left on base; Colorado (EL) 3 - Mobile 5
TOP OF THE 7TH
Colorado (EL) Rockies batting - Pitching for Mobile BayBears : RHP Eric Richards
Batting: RHB Ernest Olkowicz 0-0: Ball
1-0: Swinging Strike
1-1: Foul Ball, location: 2F
1-2: Ball
2-2: Fly out, F9 (Flyball, 89S, EV 93.8 MPH)
Batting: SHB Andy Vivas 0-0: Called Strike
0-1: Called Strike
0-2: Foul Ball, location: 2F
0-2: SINGLE (Line Drive, 8RS, EV 99.4 MPH)
Batting: RHB Andy Solorzano 0-0: Ball
1-0: Ball
2-0: Called Strike
2-1: Ball
3-1: Called Strike
3-2: Base on Balls
Andy Vivas to second
Pitching: RHP Dylan Henderson
Batting: SHB Malik Whitted 0-0: Foul Ball, location: 2F
0-1: Foul Ball, location: 2F
0-2: Ball
1-2: Ball
2-2: Strikes out swinging
Batting: RHB Steve Waltenbery 0-0: Called Strike
0-1: Ball
1-1: Called Strike
1-2: Ball
2-2: Ball
3-2: Foul Ball, location: 2F
3-2: SINGLE (Line Drive, 7S, EV 105.6 MPH)
Andy Vivas to third
Andy Solorzano to second
Andy Vivas scores
Andy Solorzano to third
Batting: LHB Freddy Troncoso 0-0: Ball
1-0: Ball
2-0: Ground out 1-3 (Groundball, 13S, EV 64.4 MPH)
Top of the 7th over - 1 run, 2 hits, 0 errors, 2 left on base; Colorado (EL) 4 - Mobile 5
BOTTOM OF THE 7TH
Mobile BayBears batting - Pitching for Colorado (EL) Rockies : LHP Jim McCutcheon
Batting: RHB Andy Schuett 0-0: Ball
1-0: Called Strike
1-1: Ground out 6-3 (Groundball, 6, EV 106.9 MPH)
Batting: RHB Franklin Villanueva 0-0: Ball
1-0: Called Strike
1-1: SOLO HOME RUN (Flyball, 9LD, EV 90.6 MPH), Distance : 350 ft
Batting: RHB Scott Carr 0-0: Called Strike
0-1: Ground out 4-3 (Groundball, 4M, EV 92.5 MPH)
Batting: RHB Yasuo Nakata 0-0: Ground out 6-3 (Groundball, 6, EV 85.0 MPH)
Bottom of the 7th over - 1 run, 1 hit, 0 errors, 0 left on base; Colorado (EL) 4 - Mobile 6
TOP OF THE 8TH
Colorado (EL) Rockies batting - Pitching for Mobile BayBears : RHP Dylan Henderson
Pitching: LHP Eric Dennis
Batting: RHB Bodil Hardenberg 0-0: Foul Ball, location: 2F
0-1: Ball
1-1: Called Strike
1-2: Strikes out swinging
Batting: RHB Henry Alvizo 0-0: Ball
1-0: Ball
2-0: Called Strike
2-1: Ball
3-1: SINGLE (Groundball, 56D, EV 103.8 MPH)
Pitching: RHP Nate Bixler
Batting: LHB Zack Guillen 0-0: Ball
1-0: Fielders Choice at 2nd, 6-4 (Groundball, 6, EV 89.4 MPH)
Batting: RHB Ernest Olkowicz 0-0: Called Strike
0-1: Ball
1-1: Swinging Strike
1-2: Strikes out swinging
Top of the 8th over - 0 runs, 1 hit, 0 errors, 1 left on base; Colorado (EL) 4 - Mobile 6
BOTTOM OF THE 8TH
Mobile BayBears batting - Pitching for Colorado (EL) Rockies : LHP Jim McCutcheon
Batting: RHB Curt Barrett 0-0: Ball
1-0: Called Strike
1-1: Ball
2-1: Ball
3-1: Called Strike
3-2: Foul Ball, location: 2F
3-2: DOUBLE (Flyball, 8LXD, EV 100.0 MPH)
Batting: RHB Edgar Garcia 0-0: Intentional Walk
Batting: LHB Willie Gutierrez 0-0: Swinging Strike
0-1: Swinging Strike
0-2: Ball
1-2: Ball
2-2: Foul Ball, location: 2F
2-2: Foul Ball, location: 2F
2-2: Ball
3-2: SINGLE (Groundball, 34, EV 95.0 MPH)
Curt Barrett to third
Edgar Garcia to second
Batting: RHB Chris Bittner 0-0: Ball
1-0: Foul Ball, location: 2F
1-1: Called Strike
1-2: Ball
2-2: Strikes out swinging
Pitching: RHP Dustin Deemer
Batting: RHB Marlon Reda 0-0: Foul Ball, location: 2F
0-1: Foul Ball, location: 2F
0-2: Ball
Wild Pitch!
Curt Barrett scores
Edgar Garcia to third
Willie Gutierrez to second
1-2: Foul Ball, location: 2F
1-2: Foul Ball, location: 2F
1-2: Foul Ball, location: 2F
1-2: SINGLE (Groundball, 56D, EV 95.0 MPH)
Edgar Garcia scores
Willie Gutierrez to third
Runner from 3rd tries for Home, throw by LF and OUT! 7-2
Marlon Reda to second
Batting: RHB Andy Schuett 0-0: Ball
1-0: Ball
2-0: Called Strike
2-1: Ball
3-1: Foul Ball, location: 2F
3-2: SINGLE (Line Drive, 7LS, EV 111.9 MPH)
Marlon Reda to third
Batting: RHB Franklin Villanueva 0-0: Ball
1-0: Ball
2-0: Called Strike
2-1: Fly out, F5 (Popup, 5S, EV 73.8 MPH)
Bottom of the 8th over - 2 runs, 4 hits, 0 errors, 2 left on base; Colorado (EL) 4 - Mobile 8
TOP OF THE 9TH
Colorado (EL) Rockies batting - Pitching for Mobile BayBears : RHP Nate Bixler
Batting: SHB Andy Vivas 0-0: Ball
1-0: Swinging Strike
1-1: Foul Ball, location: 2F
1-2: Ball
2-2: Ground out 1-3 (Groundball, 13, EV 70.0 MPH)
Batting: RHB Andy Solorzano 0-0: Ball
1-0: Foul Ball, location: 2F
1-1: Ball
2-1: SINGLE (Groundball, 56D, EV 102.5 MPH)
Batting: SHB Malik Whitted 0-0: Swinging Strike
0-1: Fielders Choice at 2nd, 4-6 (Groundball, 4S, EV 84.4 MPH)
Batting: RHB Steve Waltenbery 0-0: Ball
1-0: SINGLE (Groundball, 34S, EV 94.4 MPH) (infield hit)
Malik Whitted to second
Pitching: RHP Rich Garces
Batting: LHB Freddy Troncoso 0-0: Ball
1-0: Ball
2-0: Swinging Strike
2-1: Swinging Strike
2-2: Ball
3-2: Fly out, F8 (Flyball, 8LS, EV 83.8 MPH)
Top of the 9th over - 0 runs, 2 hits, 0 errors, 2 left on base; Colorado (EL) 4 - Mobile 8
Tuesday, September 13th , 2022 - OOTP Baseball 23.7 Build 88